 Dungeon Sprint DCSS version 0.32-a0-516-g94ed278cf8 (webtiles) character file.

Game seed: 11232207220601790297

7952 Revguard the Fetichist (level 11, -11/145 HPs)
             Began as a Coglin Berserker on Feb 27, 2024.
             Was the Champion of Trog.
             Mangled by a death scarab (19 damage)
             ... summoned by a royal mummy
             ... in the Dungeon (Sprint V: "Ziggurat Sprint").
             The game lasted 00:04:30 (301 turns).

Revguard the Fetichist (Coglin Berserker)            Turns: 301, Time: 00:04:32

Health: -11/145    AC: 30    Str: 21    XL:     11   Next: 23%
Magic:  0/11       EV: 13    Int:  2    God:    Trog [******]
Gold:   0          SH:  0    Dex: 20    Spells: 10/10 levels left

rFire   . . .        s - +16 obsidian axe {drain, demonic, Mesm ^Drain Fly SInv}
rCold   + . .        i - +5 broad axe {Suthep}
rNeg    + . .        t - +15 Maxwell's patent armour {-Cast -Tele rElec Will+ rCorr}
rPois   .            (no helmet)
rElec   +            (no cloak)
rCorr   +            (no gloves)
SInv    +            (no boots)
Will    +++..        v - amulet of Mubba {Spirit rC+ rN+ Int-4 Dex+5} Stlth
                     (ring unavailable)
HPRegen 1.44/turn    (ring unavailable)
MPRegen 0.12/turn

%: no teleportation, no spellcasting, guardian spirit
@: berserking, lethally poisoned (-11 -> -30), strong-willed, flying,
mesmerised, regenerating, slowed, revving
A: off-hand wielding, slow wielding, warmup strikes, no rings
a: Renounce Religion, Berserk, Trog's Hand, Brothers in Arms


You were in the Dungeon.
You worshipped Trog.
Trog was exalted by your worship.
You visited 1 branch

Inventory:

Hand Weapons
 i - a +5 broad axe (offhand) {Suthep}
 s - the +16 obsidian axe (weapon) {drain, demonic, Mesm ^Drain Fly SInv}
   (You found it in the Dungeon)

   Mesm:      Its wielder is mesmerised by any visible foes, and it cannot be
   unequipped while any foes are visible.
   SInv:      It lets you see invisible.
   Fly:       It grants you flight.
   ^Drain:    It drains your maximum health when unequipped.
Armour
 t - the +15 Maxwell's patent armour (worn) {-Cast -Tele rElec Will+ rCorr}
   (You found it in the Dungeon)

   rElec:     It insulates you from electricity.
   Will+:     It increases your willpower.
   -Cast:     It prevents spellcasting.
   -Tele:     It prevents most forms of teleportation.
   rCorr:     It protects you from acid and corrosion.
Jewellery
 a - the amulet of Ekytum {Acrobat -Tele rPois Will- rCorr}
   (You found it in the Dungeon)

   [amulet of the acrobat]

   Acrobat:   It increases your evasion while moving and waiting.
   rPois:     It protects you from poison Will-: It decreases your willpower.
   -Tele:     It prevents most forms of teleportation.
   rCorr:     It protects you from acid and corrosion.
 u - the amulet "Naemim" {Faith Harm Rampage Dex+3}
   (You found it in the Dungeon)

   [amulet of faith]

   Faith:     It allows you to gain divine favour quickly.
   Dex+3:     It affects your dexterity (+3).
   Harm:      It increases damage dealt and taken.
   Rampage:   It bestows one free step when moving towards enemies.
 v - the amulet of Mubba (around neck) {Spirit rC+ rN+ Int-4 Dex+5}
   (You found it in the Dungeon)

   [amulet of guardian spirit]

   Spirit:    It causes incoming damage to be divided between your reserves of
   health and magic.
   Int-4:     It affects your intelligence (-4).
   Dex+5:     It affects your dexterity (+5).
   rC+:       It protects you from cold.
   rN+:       It protects you from negative energy.
 w - an amulet of reflection
Wands
 b - a wand of charming (3)
 o - a wand of roots (6)
 q - a wand of mindburst (11)
 r - a wand of light (7)
Scrolls
 h - 4 scrolls of blinking
 j - 7 scrolls of fog
 k - 5 scrolls of identify
 l - 2 scrolls of fear
Potions
 c - 10 potions of curing
 d - 9 potions of heal wounds
 e - 10 potions of haste
 f - 7 potions of magic
 g - 3 potions of berserk rage
 m - 2 potions of invisibility
 n - 4 potions of resistance
 p - 6 potions of might


   Skills:
 + Level 12.8 Fighting
 + Level 12.8 Axes
 + Level 11.3 Armour
 + Level 11.3 Dodging
 + Level 15.4 Evocations


You had 10 spell levels left.
You didn't know any spells.
Your spell library was empty.

Dungeon Overview and Level Annotations

Branches:
Dungeon (1/1)

Altars:
Ashenzari
Cheibriados
Dithmenos
Elyvilon
Fedhas
Gozag
Hepliaklqana
Kikubaaqudgha
Makhleb
Nemelex Xobeh
Okawaru
Qazlal
Ru
Sif Muna
Trog
Uskayaw
Vehumet
Wu Jian
Xom
Yredelemnul
Zin
The Shining One
Beogh
Jiyva
Lugonu

Annotations:
D 1 transporter


Innate Abilities, Weirdness & Mutations

You can wield a second weapon in your off-hand.
It takes a long time for you to wield or remove held weapons.
Your first few attacks do less damage.
Your grasper-arms cannot wear rings.


Message History

You feel extremely nervous for a moment...
Your bones ache.
Visions of slaying the emperor scorpion flood into your mind.
* * * LOW HITPOINT WARNING * * *
You feel extremely sick. The death scarab barely misses you.
The death scarab bites you but does no damage.
The adder zombie bites your sun demon but does no damage.
You hit the mummy priest with the +16 obsidian axe.
The mummy priest is severely damaged.
You barely miss the emperor scorpion with the +16 obsidian axe.
You slash the emperor scorpion with the +16 obsidian axe!
You break out of your daze!
You kill the emperor scorpion!
The emperor scorpion's corpse disappears in a puff of smoke!
You hit the death scarab with the +16 obsidian axe.
You feel the power of Trog in you as your rage grows.
You destroy the death scarab!
The death scarab's corpse disappears in a puff of smoke!
You slice the death scarab with the +16 obsidian axe!!
You open a gate to Pandemonium!
A demon appears!
You slash the death scarab with the +16 obsidian axe!
You open a gate to Pandemonium!
A demon appears!
You slash the mummy priest with your +5 broad axe!
You miss the death scarab with your +5 broad axe.
You slash the death scarab with your +5 broad axe!
You hit the emperor scorpion but do no damage.
Visions of slaying the death scarab flood into your mind.
* * * LOW HITPOINT WARNING * * *
You feel very sick. The death scarab bites you!
* * * LOW HITPOINT WARNING * * *
The death scarab drains your vigour!
You feel yourself slow down.
The death scarab draws strength from your injuries!
The death scarab closely misses you.
The death scarab bites you but does no damage.
The death scarab misses you.
The death scarab bites your chaos spawn!!
The death scarab bites you!!
You die...

▓.▓.....▓.▓.▓...▓.▓
▓....©....▓...©...▓
▓▓▓▓▓▓▓▓▓▓▓▓▓▓▓▓▓▓▓
▓...ß©ß...▓..ß©ß..▓
▓..|M:[|..▓..[)..§▓
▓..M"MZ...▓..))..§▓
▓..sMs33..▓....§§.▓
▓...4BM4..▓..())..▓
▓..sB@§...▓...))..▓
▓...BsB...▓..)....▓
▓.▓.....▓.▓.▓...▓.▓
▓....©....▓...©...▓
▓▓▓▓▓▓▓▓▓▓▓▓▓▓▓▓▓▓▓


You could see a royal mummy, 4 emperor scorpions, a mummy priest (ally target),
4 death scarabs, 3 mummies, an adder zombie (ally target), a friendly sun demon
(summoned), a friendly ice devil (summoned), a friendly ynoxinul (summoned) and
a friendly chaos spawn (summoned).

Vanquished Creatures
  2 dancing weapons (D)
  A two-headed ogre (D)
  A thrashing horror (D)
  A deep elf archer (D)
  A deep elf pyromancer (D)
  A cyclops (D)
  An ugly thing (D)
  A guardian mummy (D)
  A polar bear (shapeshifter) (D)
  A tarantella (D)
  A raiju (D)
  A jumping spider (D)
  An ogre (shapeshifter) (D)
  An ogre (D)
  A wight (D)
  An orc priest (D)
  An orc wizard (D)
  An ufetubus (D)
  An adder skeleton (D)
  3 orcs (D)
23 creatures vanquished.

Vanquished Creatures (collateral kills)
  3 two-headed ogres (D)
  A deep elf knight (D)
  2 jumping spiders (D)
  2 phantoms (D)
  2 orc priests (D)
  An orc wizard (D)
  An adder skeleton (D)
  An orc (D)
  A ball python zombie (D)
  2 giant cockroach zombies (D)
16 creatures vanquished.

Grand Total: 39 creatures vanquished

Notes
Turn   | Place    | Note
-------+----------+-------------------------------------------
     0 | D        | Revguard the Coglin Berserker began the quest for the Orb.
     0 | D        | Reached XP level 1. HP: 18/18 MP: 1/1
     2 | D        | Found a blossoming altar of Fedhas.
     2 | D        | Found the +6 Majin-Bo {spellvamp, MP+6 Int+6}
     2 | D        | Found the +27 heavy crossbow "Sniper" {heavy, Acc+∞ SInv}
     2 | D        | Found the +10 dark maul {heavy}
     2 | D        | Found the +15 Maxwell's patent armour {-Cast -Tele rElec
                  | Will+ rCorr}
     2 | D        | Found the +18 shield of the Gong {Loud rN+ Will+ rCorr
                  | EV-5}
     2 | D        | Found the +16 obsidian axe {drain, demonic, Mesm ^Drain Fly
                  | SInv}
     2 | D        | Found the +7 great mace "Firestarter" {flame, immolate,
                  | rFlCloud rF++}
     2 | D        | Found the +6 shillelagh "Devastator" {shatter}
     2 | D        | Found the +11 plutonium sword {^Contam Stlth-}
     2 | D        | Found the +8 lance "Wyrmbane" {slay drac, rPois rF+ rC+
                  | AC+3}
     2 | D        | Found the +9 sword of Zonguldrok {reap}
     2 | D        | Found the +13 scythe of Curses {drain, curses, ^Drain}
     2 | D        | Found the +9 sword of Power {lifebolt}
     2 | D        | Found the +7 mace of Variability {chaos, chaos arc}
     2 | D        | Found the +11 Singing Sword {sonic wave}
     2 | D        | Found the +8 storm bow {elec, penet}
     3 | D        | Found a viscous altar of Jiyva.
     3 | D        | Found a hazy altar of Hepliaklqana.
     3 | D        | Found a transporter.
     3 | D        | Found an opulent altar of Gozag.
     3 | D        | Found an ancient bone altar of Kikubaaqudgha.
     3 | D        | Found a corrupted altar of Lugonu.
    11 | D        | Found a burning altar of Makhleb.
    12 | D        | Found a sacrificial altar of Ru.
    12 | D        | Found a stormy altar of Qazlal.
    12 | D        | Found a shimmering blue altar of Sif Muna.
    12 | D        | Found an iron altar of Okawaru.
    12 | D        | Found a bloodstained altar of Trog.
    12 | D        | Found a sparkling altar of Nemelex Xobeh.
    49 | D        | Reached skill level 3 in Evocations
    49 | D        | Reached XP level 2. HP: 26/26 MP: 2/2
    53 | D        | Entered arena 2.
    53 | D        | Noticed a white ugly thing
    53 | D        | Noticed an ogre
    53 | D        | Found a transporter.
    56 | D        | Killed an ogre
    57 | D        | Reached skill level 5 in Fighting
    57 | D        | Reached skill level 5 in Axes
    57 | D        | Reached skill level 5 in Evocations
    57 | D        | Reached XP level 3. HP: 34/34 MP: 3/3
    57 | D        | Reached XP level 4. HP: 40/40 MP: 4/4
    57 | D        | Killed a white ugly thing
    58 | D        | Reached skill level 8 in Evocations
    58 | D        | Reached XP level 5. HP: 48/48 MP: 5/5
    58 | D        | Reached XP level 6. HP: 55/55 MP: 6/6
    93 | D        | Entered arena 3.
    93 | D        | Noticed a raiju
    93 | D        | Noticed a thrashing horror
    93 | D        | Found a transporter.
    95 | D        | Reached ** piety under Trog
    96 | D        | Reached XP level 7. HP: 60/60 MP: 7/7
    98 | D        | Killed a raiju
    99 | D        | Reached skill level 9 in Evocations
    99 | D        | Killed a thrashing horror
   100 | D        | Reached skill level 10 in Evocations
   100 | D        | Reached XP level 8. HP: 71/71 MP: 8/8
   110 | D        | Entered arena 4.
   110 | D        | Found a transporter.
   113 | D        | Reached *** piety under Trog
   121 | D        | Entered arena 5.
   121 | D        | Noticed a jumping spider
   121 | D        | Noticed a jumping spider
   121 | D        | Noticed a jumping spider
   121 | D        | Noticed a tarantella
   121 | D        | Found a transporter.
   124 | D        | Killed a tarantella
   124 | D        | Reached **** piety under Trog
   126 | D        | Killed a jumping spider
   126 | D        | Killed a jumping spider
   127 | D        | Reached skill level 11 in Evocations
   127 | D        | Reached XP level 9. HP: 78/78 MP: 9/9
   130 | D        | Got the amulet of Ekytum {Acrobat -Tele rPois Will- rCorr}
   138 | D        | Entered arena 6.
   138 | D        | Found a transporter.
   140 | D        | Reached ***** piety under Trog
   141 | D        | Reached skill level 10 in Fighting
   141 | D        | Received a gift from Trog
   142 | D        | Reached skill level 10 in Axes
   148 | D        | Entered arena 7.
   148 | D        | Noticed a polar bear
   148 | D        | Noticed a deep elf knight
   148 | D        | Noticed a deep elf archer
   148 | D        | Noticed a deep elf pyromancer
   148 | D        | Noticed a +1 trident of protection
   148 | D        | Noticed a +3 long sword of holy wrath
   149 | D        | Found a transporter.
   153 | D        | Killed a +1 trident of protection
   153 | D        | Killed a +3 long sword of holy wrath
   154 | D        | Reached skill level 12 in Evocations
   154 | D        | Killed a deep elf archer
   154 | D        | Received a gift from Trog
   155 | D        | Reached skill level 13 in Evocations
   155 | D        | Reached XP level 10. HP: 87/87 MP: 10/10
   158 | D        | Killed a deep elf knight
   159 | D        | Reached skill level 10 in Armour
   159 | D        | Reached skill level 10 in Dodging
   163 | D        | Killed a deep elf pyromancer
   164 | D        | Reached skill level 14 in Evocations
   165 | D        | Got the amulet "Naemim" {Faith Harm Rampage Dex+3}
   169 | D        | Got the amulet of Mubba {Spirit rC+ rN+ Int-4 Dex+5}
   210 | D        | Entered arena 8.
   210 | D        | Noticed a two-headed ogre
   210 | D        | Noticed a cyclops
   210 | D        | Noticed a two-headed ogre
   210 | D        | Noticed a two-headed ogre
   210 | D        | Noticed a two-headed ogre
   211 | D        | Found a transporter.
   214 | D        | Killed a two-headed ogre
   215 | D        | Killed a two-headed ogre
   215 | D        | Killed a two-headed ogre
   216 | D        | Reached XP level 11. HP: 96/96 MP: 8/11
   217 | D        | Killed a two-headed ogre
   218 | D        | Reached skill level 15 in Evocations
   218 | D        | Killed a cyclops
   218 | D        | Reached ****** piety under Trog
   271 | D        | Entered arena 9.
   271 | D        | Found the +3 robe of Clouds {*Thunder rCloud rElec}
   272 | D        | Found a transporter.
   274 | D        | Received a gift from Trog
   293 | D        | Entered arena 10.
   293 | D        | Noticed a royal mummy
   293 | D        | Noticed a mummy priest
   294 | D        | Noticed an emperor scorpion
   294 | D        | Noticed an emperor scorpion
   294 | D        | Found a transporter.
   294 | D        | Noticed an emperor scorpion
   295 | D        | Noticed an emperor scorpion
   295 | D        | Noticed an emperor scorpion
   295 | D        | Noticed an emperor scorpion
   295 | D        | Noticed an emperor scorpion
   296 | D        | Noticed a death scarab
   296 | D        | Noticed a death scarab
   296 | D        | Noticed a death scarab
   298 | D        | Noticed a death scarab
   298 | D        | Noticed a death scarab
   301 | D        | Mangled by a death scarab

Illustrated notes

Levels and vault maps discovered:
D:        sprint_v [room_start, room_1, room_2, room_3, room_4, room_5, room_6,
          room_7, room_8, room_9, room_10, room_11, room_12, room_13, room_14,
          room_15, room_16, room_17, room_18, room_19, room_20, room_21,
          room_22, room_23, room_24, room_25, room_26, room_27]

Skill      XL: |  1  2  3  4  5  6  7  8  9 10 11 |
---------------+----------------------------------+-----
Fighting       | 4 5 7 9 11 12 | 12.8
Axes           | 4 5 7 9 11 12 | 12.8
Armour         | 3 4 6 7 8 9 10 11 | 11.3
Dodging        | 3 4 6 7 8 9 10 11 | 11.3
Evocations     | 3 5 8 10 11 13 14 15 | 15.4

Action                     |  1- 3 |  4- 6 |  7- 9 | 10-12 || total
---------------------------+-------+-------+-------+-------++-------
  Melee: Broad axe         |     4 |     3 |    24 |    26 ||    57
 Invoke: Berserk           |     1 |       |     1 |     2 ||     4
         Trog's Hand       |       |       |     1 |     1 ||     2
    Use: Potion            |     1 |       |       |     1 ||     2
 Armour: Plate armour      |     2 |     2 |    22 |    34 ||    60
  Dodge: Dodged            |     1 |     2 |    15 |    24 ||    42

Table legend: (Time is in decaauts)
 A = Elapsed time spent in this place.
 B = Non-inter-level travel time spent in this place.
 C = Inter-level travel time spent in this place.
 D = Time resting spent in this place.
 E = Time spent auto-exploring this place.
 F = Levels seen in this place.
 G = Mean time per level.
                   A        B        C        D        E       F      G
               +--------+--------+--------+--------+--------+-----+--------+
         Total |    333 |    333 |      0 |    120 |      0 |   1 |  333.0 |
       Dungeon |    333 |    333 |      0 |    120 |      0 |   1 |  333.0 |
               +--------+--------+--------+--------+--------+-----+--------+

Top non-repeatable levels by time:
       D: 333 daAuts
